 Dungeon Crawl Stone Soup version 0.20.0-15-g7f486f2 (webtiles) character file.

73 NoAnimeNoLife the Insei (level 4, -2/29 HPs)
             Began as an Octopode Transmuter on June 13, 2017.
             Hit by a stone thrown by a gnoll (6 damage)
             ... on level 2 of the Dungeon.
             The game lasted 00:06:05 (1010 turns).

NoAnimeNoLife the Insei (Octopode Transmuter)       Turns: 1010, Time: 00:06:05

Health: -2/29      AC:  1    Str:  9    XL:     4   Next: 27%
Magic:  0/7        EV: 13    Int: 15    God:
Gold:   68         SH:  0    Dex: 13    Spells: 1/7 levels left

rFire    . . .     SeeInvis .     - Unarmed
rCold    + . .     Gourm    .   (no shield)
rNeg     . . .     Faith    .   (helmet restricted)
rPois    .         Spirit   .   (no amulet)
rElec    .         Reflect  .   i - ring of protection from cold
rCorr    .         Harm     .   (no ring)
MR       .....                  (no ring)
Stlth    ++........             (no ring)
Regen    0.1/turn               (no ring)
MPRegen  0.1/turn               (no ring)
                                (no ring)
                                (no ring)

@: very slightly contaminated
A: almost no armour, stealthy swim, amphibious, 8 rings, constrict 8, camouflage
1, gelatinous body 1
a: no special abilities


You were on level 2 of the Dungeon.
You were very hungry.

You visited 1 branch of the dungeon, and saw 2 of its levels.

You collected 68 gold pieces.

Inventory:

Hand Weapons
 e - a +0 dagger
Missiles
 a - 44 arrows
Jewellery
 i - a ring of protection from cold (left tentacle)
Scrolls
 k - a scroll of fog {unknown}
 m - a scroll of remove curse {unknown}
 n - a scroll of enchant armour {unknown}
Potions
 d - a potion of degeneration {unknown}
 f - a potion of lignification {unknown}
 j - a potion of ambrosia {unknown}
 l - a potion of flight {unknown}
Books
 b - a book of Changes

   Spells                             Type                      Level
   a - Beastly Appendage              Transmutation                1
   b - Sticks to Snakes               Transmutation                2
   c - Spider Form                    Transmutation/Poison         3
   d - Ice Form                       Ice/Transmutation            4
   e - Blade Hands                    Transmutation                5
Comestibles
 c - a bread ration
 g - a meat ration
 h - a royal jelly


   Skills:
 - Level 1.9 Fighting
 - Level 2.0 Dodging
 + Level 4.2 Unarmed Combat
 - Level 2.0 Spellcasting
 - Level 2.6 Transmutations


You had one spell level left.
You knew the following spells:

 Your Spells              Type           Power        Failure   Level  Hunger
a - Beastly Appendage     Tmut           #.....       8%          1    #......
b - Sticks to Snakes      Tmut           #.......     11%         2    ###....
c - Spider Form           Tmut/Pois      #.........   36%         3    ###....


Dungeon Overview and Level Annotations

Branches:
Dungeon (2/15)

Altars:
Dithmenos
Fedhas


Innate Abilities, Weirdness & Mutations

You cannot wear most types of armour.
You are very stealthy in the water. (Stealth+)
You are amphibious.
You can wear up to eight rings at the same time.
You can use your tentacles to constrict eight enemies at once.
Your skin changes colour to match your surroundings (Stealth+).
Your rubbery body absorbs attacks. (AC +1, EV +1)


Message History

The kobold closely misses you.
Your adder bites the kobold but does no damage.
You tentacle-slap the kobold.
You kill the kobold!
The gnoll misses you. The rat bites you.
The gnoll throws a stone.
The stone hits you!
* * * LOW HITPOINT WARNING * * *
You see here a stone.
You barely miss the rat. Your grab misses the rat. The rat bites you.
* * * LOW HITPOINT WARNING * * *
Your adder closely misses the rat.
The gnoll throws a stone.
The stone barely misses you.
The stone hits the rat.
The rat dies!
The gnoll throws a stone.
The stone barely misses you.
You see here a stone.
The gnoll throws a stone.
The stone completely misses your adder. The stone closely misses you.
The gnoll throws a stone.
The stone closely misses your adder. The stone hits you.
You die...

.....##...######.###.#
.....#⌠.#.⌠#.###...# .#
...#.##...##....g..# .#
...#####_######....##.##
###......)......#
.......(.....>##
.#####.(..#.#..# #
#...S..#.....
.....#.@.....#...
..##...(.........
.....####.##..##
...###..<.# ..# ...
#.#### .# . #


You could see a gnoll and a friendly adder.

Vanquished Creatures
  2 adders (D:2)
  2 gnolls (D:2)
  2 dart slugs
  2 giant cockroaches
  3 goblins (D:1)
  3 hobgoblins (D:1)
  5 kobolds
  3 bats (D:1)
  4 frilled lizards
  4 rats
30 creatures vanquished.

Vanquished Creatures (collateral kills)
  A gnoll (D:2)
1 creature vanquished.

Vanquished Creatures (others)
  A rat (D:2)
1 creature vanquished.

Grand Total: 32 creatures vanquished

Notes
Turn   | Place    | Note
-------+----------+-------------------------------------------
     0 | D:1      | NoAnimeNoLife the Octopode Transmuter began the quest for the Orb.
     0 | D:1      | Reached XP level 1. HP: 13/13 MP: 3/3
    79 | D:1      | Reached XP level 2. HP: 18/18 MP: 3/5
   639 | D:2      | Reached XP level 3. HP: 19/24 MP: 4/6
   644 | D:2      | Found a shadowy altar of Dithmenos.
   644 | D:2      | Found a blossoming altar of Fedhas.
   694 | D:2      | Learned a level 2 spell: Sticks to Snakes
   698 | D:2      | Learned a level 3 spell: Spider Form
   957 | D:2      | Reached skill level 4 in Unarmed Combat
   957 | D:2      | Reached XP level 4. HP: 22/29 MP: 7/7
  1010 | D:2      | Hit by a stone thrown by a gnoll

Skill      XL: |  1  2  3 |
---------------+----------+-----
Unarmed Combat | 4 |  4.2
Fighting       | |  1.9
Dodging        | |  2.0
Spellcasting   | |  2.0
Transmutations | |  2.6

Action                   |  1- 3 |  4- 6 || total
-------------------------+-------+-------++-------
Melee: Unarmed           |    59 |     6 ||    65
       Constrict         |    13 |     1 ||    14
       Tentacles         |    13 |     1 ||    14
       Kick              |     4 |     1 ||     5
 Cast: Beastly Appendage |    14 |     1 ||    15
       Spider Form       |     1 |       ||     1
       Sticks to Snakes  |       |     4 ||     4
 Stab: Sleeping          |     4 |       ||     4
Armor: Skin              |     4 |       ||     4
Dodge: Dodged            |    50 |    12 ||    62
